 Dungeon Crawl Stone Soup version 0.29-a0-839-g4793fd635e (webtiles) character file.

Game seed: 4891687261855484904

9807 Ijustatesigmund the Epochal (level 11, -1/95 HPs)
             Began as a Hill Orc Monk on July 14, 2022.
             Was an Elder of Cheibriados.
             Slain by a six-headed hydra (11 damage)
             ... on level 11 of the Dungeon.
             The game lasted 00:29:40 (10779 turns).

Ijustatesigmund the Epochal (Hill Orc Monk)        Turns: 10779, Time: 00:29:40

Health: -1/95      AC: 11    Str: 29    XL:     11   Next: 52%
Magic:  18/18      EV: 11    Int: 29    God:    Cheibriados [****..]
Gold:   974        SH: 11    Dex: 22    Spells: 14/19 levels left

rFire   + . .      SeeInvis .   a - +2 war axe (elec)
rCold   + . .      Faith    .   r - +0 kite shield
rNeg    . . .      Spirit   .   b - +2 leather armour {rF+}
rPois   +          Reflect  .   g - +1 helmet
rElec   .          Harm     .   (no cloak)
rCorr   .          Rampage  .   n - +2 pair of gloves
Will    .....                   (no boots)
Stlth   ++........              o - amulet of magic regeneration
HPRegen 1.05/turn               k - ring of wizardry
MPRegen 0.56/turn               B - +6 ring of intelligence

@: about to teleport, very slow
A: cold resistance 1, poison resistance, regeneration 1, strong 1
a: Renounce Religion, Bend Time, Temporal Distortion, Slouch


You were on level 11 of the Dungeon.
You worshipped Cheibriados.
Cheibriados was greatly pleased with you.
You visited 1 branch of the dungeon, and saw 11 of its levels.

You collected 1304 gold pieces.
You spent 330 gold pieces at shops.

Inventory:

Hand Weapons
 a - a +2 war axe of electrocution (weapon)
 m - a +2 flail of holy wrath
Missiles
 i - 5 javelins (quivered)
Armour
 b - a +2 leather armour of fire resistance (worn)
 g - a +1 helmet (worn)
 l - the +1 chain mail of the Echidna {Harm Dex+9}
   (You found it on level 7 of the Dungeon)

   Dex:       It affects your dexterity (+9).
   Harm:      It increases damage dealt and taken.
 n - a +2 pair of gloves (worn)
 r - a +0 kite shield (worn)
Jewellery
 k - a ring of wizardry (left hand)
 o - an amulet of magic regeneration (around neck)
 w - a ring of flight
 B - a +6 ring of intelligence (right hand)
Wands
 f - a wand of acid (4)
 t - a wand of flame (21)
 A - a wand of charming (3)
Scrolls
 c - a scroll of blinking
 d - 4 scrolls of amnesia
 h - a scroll of fear
 x - a scroll of immolation
 y - a scroll of identify
 z - a scroll of summoning
Potions
 e - a potion of magic
 j - 2 potions of mutation
 p - a potion of lignification
 s - a potion of flight {unknown}
 u - 9 potions of ambrosia
 v - a potion of resistance {unknown}


   Skills:
 - Level 8.5 Fighting
 - Level 9.4 Axes
 - Level 4.5 Armour
 - Level 2.4 Dodging
 - Level 1.5 Stealth
 - Level 5.0 Shields
 + Level 4.6 Spellcasting
 + Level 3.7 Fire Magic
 - Level 4.1 Air Magic
 - Level 4.5 Poison Magic
 + Level 9.7 Invocations
 - Level 5.2 Evocations


You had 14 spell levels left.
You knew the following spells:

 Your Spells              Type           Power      Damage    Failure   Level
a - Poisonous Vapours     Pois/Air       62%        N/A       2%          2
b - Ignite Poison         Fire/Tmut/Pois 22%        N/A       9%          3

Your spell library contained the following spells:

 Spells                   Type           Power      Damage    Failure   Level
 Spider Form              Tmut/Pois      19%        N/A       10%         3
 Ensorcelled Hibernation  Hex/Ice        12%        N/A       12%         2
 Dazzling Flash           Conj/Hex       12%        N/A       24%         3
 Gell's Gravitas          Tloc           6%         N/A       24%         3
 Teleport Other           Tloc           6%         N/A       24%         3
 Corpse Rot               Necr/Pois/Air  23%        N/A       26%         4
 Anguish                  Hex/Necr       3%         N/A       58%         4
 Ice Form                 Ice/Tmut       6%         N/A       58%         4
 Iskenderun's Mystic Bla  Conj/Tloc      6%         2d4       58%         4
 Starburst                Conj/Fire      8%         6d4       99%         6
 Dispersal                Tloc           3%         N/A       100%        6
 Dragon Form              Tmut           3%         N/A       100%        7


Dungeon Overview and Level Annotations

Branches:
Dungeon (11/15)            Temple (0/1) D:6             Orc (0/2) D:9
   Lair: D:8-11

Altars:
Ashenzari
Cheibriados
Dithmenos
Makhleb
Nemelex Xobeh
Qazlal
Sif Muna
Trog
Uskayaw
Wu Jian
Yredelemnul

Shops:
D:3 *   D:5 (?*[(

Portals:
Trove: D:11 (give +2 storm dragon scales)

Annotations:
D:5 Edmund
D:6 1 runed translucent door, Malachi's ghost, weakling OpDe


Innate Abilities, Weirdness & Mutations

Your flesh is cold resistant. (rC+)
Your system is resistant to poisons. (rPois)
Your natural rate of healing is unusually fast.
Your muscles are strong. (Str +4, Int/Dex -1)


Message History

The five-headed hydra is lightly wounded.
You barely miss something.
The shadow strikes at you from the darkness!
Reactivating autopickup.
The five-headed hydra bites you! The five-headed hydra bites you.
You block the five-headed hydra's attack.
The five-headed hydra bites you but does no damage.
The five-headed hydra bites you!
You slice one of the five-headed hydra's heads off!
The four-headed hydra grows two more!
You slice the six-headed hydra!!
Lightning courses through the six-headed hydra!!
The six-headed hydra is heavily wounded.
You hit the shadow but do no damage. The shadow hits you.
You block the six-headed hydra's attack.
The six-headed hydra barely misses you. The six-headed hydra bites you! x2
The six-headed hydra barely misses you. The six-headed hydra bites you.
As you read the scroll of teleportation, it crumbles to dust.
You feel strangely unstable. You block the shadow's attack.
The six-headed hydra bites you!
The six-headed hydra bites you but does no damage. x2
You block the six-headed hydra's attack.
The six-headed hydra bites you!
* * * LOW HITPOINT WARNING * * *
The six-headed hydra bites you but does no damage.
The shadow attacks as you move away! The shadow hits you.
* * * LOW HITPOINT WARNING * * *
You block the six-headed hydra's attack.
The six-headed hydra bites you.
* * * LOW HITPOINT WARNING * * *
You block the six-headed hydra's attack.
The six-headed hydra bites you but does no damage.
The six-headed hydra bites you.
* * * LOW HITPOINT WARNING * * *
The six-headed hydra bites you!
* * * LOW HITPOINT WARNING * * *
The shadow closely misses you. The shadow barely misses you.
The six-headed hydra misses you.
You block the six-headed hydra's attack.
The six-headed hydra bites you!
You die...

#.....# #.....#
#.....# #.....#
###### #.....#
......
#.....######......
...##..$...........
#.....WD..........
#.../.#@..8.......
#.....#..8.8..####
#######.8.∩.8....#
......8.8.....#
.......8......#
..........'....#
..........#)####
..........#....###
#+#......#......#


You could see a six-headed hydra and a shadow.

Vanquished Creatures
  3 two-headed ogres
  A soul eater (D:9)
  A sun demon (D:9)
  Lodul (D:10)
  An unseen horror (D:10)
  A queen bee (D:10)
  A troll (D:10)
  3 yaks (D:10)
  A steam dragon (D:9)
  An orc warrior (D:8)
  3 sky beasts
  2 water moccasins
  An ice beast (D:6)
  10 ogres
  A black bear (D:5)
  2 phantoms
  2 kobold brigands (D:8)
  3 bullfrogs
  2 gnoll sergeants
  2 necrophages (D:5)
  2 scorpions
  5 wights (D:10)
  31 killer bees
  3 howler monkeys
  2 quasits (D:9)
  4 orc priests
  3 hounds
  4 iguanas
  6 orc wizards
  7 adders
  12 gnolls
  2 river rats (D:5)
  A shadow imp (D:5)
  A white imp (D:8)
  An ufetubus (D:3)
  4 worms
  7 dart slugs
  38 orcs
  7 endoplasms
  3 giant cockroaches
  8 goblins
  6 hobgoblins
  A jackal (D:5)
  16 kobolds
  4 quokkas
  9 ball pythons
  6 bats
  4 frilled lizards
  7 rats
246 creatures vanquished.

Vanquished Creatures (collateral kills)
  An ice beast (D:6)
1 creature vanquished.

Vanquished Creatures (others)
  A killer bee (D:10)
  An orc wizard (D:7)
  5 demonic plants (D:9)
7 creatures vanquished.

Grand Total: 254 creatures vanquished

Notes
Turn   | Place    | Note
-------+----------+-------------------------------------------
     0 | D:1      | Ijustatesigmund the Hill Orc Monk began the quest for the
                  | Orb.
     0 | D:1      | Reached XP level 1. HP: 19/19 MP: 1/1
    69 | D:1      | Reached skill level 1 in Armour
   255 | D:1      | Reached XP level 2. HP: 26/26 MP: 2/2
   355 | D:1      | Reached skill level 1 in Shields
  1150 | D:2      | Reached XP level 3. HP: 28/31 MP: 3/3
  1437 | D:2      | Found a faded altar of an unknown god.
  1656 | D:2      | Got the Exposition on Reformation
  1922 | D:3      | Found a basalt altar of Yredelemnul.
  2085 | D:3      | Found Tyudag's General Store.
  2102 | D:3      | Bought a wand of mindburst (2) for 33 gold pieces
  2134 | D:3      | Found a broken altar of Ashenzari.
  2183 | D:3      | Reached XP level 4. HP: 39/39 MP: 4/4
  2238 | D:3      | Found a bloodstained altar of Trog.
  2364 | D:3      | Bought a potion of mutation for 96 gold pieces
  2737 | D:3      | Reached skill level 1 in Evocations
  3243 | D:4      | You fall into a shaft and drop 3 floors!
  3249 | D:7      | Identified the +1 chain mail of the Echidna {Harm Dex+9}
  3265 | D:7      | Noticed a gnoll sergeant
  3287 | D:7      | Reached XP level 5. HP: 16/45 MP: 5/5
  3311 | D:7      | Gained mutation: Your flesh is cold resistant. (rC+)
                  | [potion of mutation]
  3311 | D:7      | Gained mutation: Your natural rate of healing is unusually
                  | fast. [potion of mutation]
  3311 | D:7      | Gained mutation: Your muscles are strong. (Str +4, Int/Dex
                  | -1) [potion of mutation]
  3311 | D:7      | Gained mutation: Your system is resistant to poisons.
                  | (rPois) [potion of mutation]
  3488 | D:7      | Reached XP level 6. HP: 43/51 MP: 6/6
  3796 | D:6      | Noticed an ice beast
  3818 | D:6      | Reached skill level 5 in Evocations
  3827 | D:6      | Noticed Malachi's ghost (weakling OpDe)
  3851 | D:6      | Reached XP level 7. HP: 59/59 MP: 7/7
  4158 | D:6      | Found a runed translucent door.
  4178 | D:6      | Found a staircase to the Ecumenical Temple.
  4205 | D:5      | Entered Level 5 of the Dungeon
  4241 | D:5      | Found Firi's Magic Scroll Boutique.
  4244 | D:5      | Bought a scroll of fear for 52 gold pieces
  4244 | D:5      | Bought a scroll of teleportation for 39 gold pieces
  4244 | D:5      | Bought a scroll of identify for 26 gold pieces
  4266 | D:5      | Reached skill level 5 in Axes
  4273 | D:5      | Noticed Edmund
  4294 | D:5      | Found Lyif's General Store.
  4314 | D:5      | Reached skill level 5 in Fighting
  4329 | D:5      | Found Quel's Armour Boutique.
  4576 | D:5      | Reached XP level 8. HP: 66/69 MP: 8/8
  4647 | D:5      | Found Ruwnun's Weapon Shoppe.
  5558 | D:4      | Found a shimmering blue altar of Sif Muna.
  5925 | D:5      | Found Jyttos's Antique Weapon Shop.
  5931 | D:5      | Bought a war axe for 84 gold pieces
  6058 | D:5      | Found a sparkling altar of Nemelex Xobeh.
  6364 | D:6      | Reached XP level 9. HP: 78/81 MP: 9/9
  6391 | D:6      | Identified the +7 dagger "Ciuttae" {pain, Dex+4}
  6549 | D:6      | Found a snail-covered altar of Cheibriados.
  6559 | D:6      | Became a worshipper of Cheibriados the Contemplative
  6559 | D:6      | Reached * piety under Cheibriados
  6559 | D:6      | Reached ** piety under Cheibriados
  6648 | D:6      | Found a hide-covered altar of Uskayaw.
  6790 | D:7      | Reached skill level 1 in Invocations
  6820 | D:7      | Found a burning altar of Makhleb.
  6846 | D:7      | Found a shadowy altar of Dithmenos.
  6849 | D:7      | Found a stormy altar of Qazlal.
  6852 | D:7      | Found an ornate altar of the Wu Jian Council.
  7693 | D:8      | Reached skill level 5 in Invocations
  7716 | D:8      | Learned a level 2 spell: Poisonous Vapours
  7991 | D:8      | Reached skill level 1 in Poison Magic
  8021 | D:8      | Reached *** piety under Cheibriados
  8022 | D:8      | Reached skill level 1 in Spellcasting
  8022 | D:8      | Reached skill level 1 in Air Magic
  8339 | D:9      | Noticed a soul eater
  8350 | D:9      | Killed a soul eater
  8351 | D:9      | Reached XP level 10. HP: 27/90 MP: 14/14
  8458 | D:9      | Noticed a sun demon
  8540 | D:9      | Killed a sun demon
  8615 | D:9      | Noticed a sun demon
  8772 | D:10     | Entered Level 10 of the Dungeon
  8774 | D:10     | Noticed Lodul
  9750 | D:10     | Killed Lodul
  9759 | D:10     | Killed an unseen horror
 10006 | D:10     | Noticed a two-headed ogre
 10015 | D:10     | Killed a two-headed ogre
 10016 | D:10     | Reached skill level 5 in Shields
 10016 | D:10     | Reached XP level 11. HP: 30/95 MP: 14/17
 10193 | D:10     | Learned a level 3 spell: Ignite Poison
 10196 | D:10     | Noticed a two-headed ogre
 10201 | D:10     | Killed a two-headed ogre
 10202 | D:10     | Reached skill level 1 in Fire Magic
 10494 | D:10     | Reached **** piety under Cheibriados
 10742 | D:11     | Noticed a two-headed ogre
 10746 | D:11     | Killed a two-headed ogre
 10760 | D:11     | Found a portal to a secret trove of treasure.
 10769 | D:11     | Noticed a four-headed hydra
 10779 | D:11     | Slain by a six-headed hydra

Illustrated notes

Levels and vault maps discovered:
D:1:      nicolae_arrival_memento_mori, layout_basic, serial_aquarium,
          aquarium_bridge_straight [aquarium_subvault_bridge,
          aquarium_subvault_wall, aquarium_subvault_bridge,
          aquarium_subvault_wall], aquarium_bridge_long_joined
          [aquarium_subvault_wall, aquarium_subvault_wall,
          aquarium_subvault_wall, aquarium_subvault_bridge,
          aquarium_subvault_wall, aquarium_subvault_bridge], aquarium_window_2,
          aquarium_window_corner, aquarium_window_corridor_2, aquarium_view_2d
D:2:      layout_loops_ring, basic_ecumenical_altar
D:3:      layout_loops_ring, lightli_temple_of_fire,
          cheibrodos_ashenzari_chains, old_standard_altar, serial_shops,
          nicolae_diamond_shop, chequers_serial_rivers_micro_e,
          grunt_ministairs_4, kennysheep_crisscross
D:4:      layout_loops_corners, mainiacjoe_overflow_cross_hatched,
          minmay_misc_feat_hallway, st_stairs_12, kennysheep_small_circle
D:5:      kennysheep_six_static_rooms, layout_cave_pools,
          nemelex_dance_club_becter, serial_shops, nicolae_shop_behind_doors,
          nicolae_shop_advertising_works [nicolae_subvault_shop_adworks],
          nicolae_shop_temple_entry_statues_fountains, shop, kennysheep_mini,
          portal_sewer_entry_b, uniq_edmund
D:6:      layout_rooms, lemuel_coloured_pillars_altar,
          eat_drink_and_be_merry_uskayaw, minmay_temple_entry_wispy,
          hellmonk_ghost_happy_afterlife, kennysheep_small_spiral
D:7:      layout_basic, grunt_temple_overflow_cloverleaf, enter_bailey_2,
          nicolae_ossuary_entry_plus
D:8:      layout_basic
D:9:      layout_roguey, hiddenorc1_lemuel, serial_demonic, serial_demonic_g,
          serial_demonic_d, serial_demonic_g, serial_demonic_c
D:10:     layout_gridville, special_room [special_room_bee], nicolae_titane,
          uniq_lodul
D:11:     layout_gridville, dpeg_lair_monsters, enter_trove_2,
          nicolae_elemental_shop

Skill      XL: |  1  2  3  4  5  6  7  8  9 10 11 |
---------------+----------------------------------+-----
Armour         | 1 4 |  4.5
Shields        | 2 3 5 |  5.0
Evocations     | 1 3 5 |  5.2
Fighting       | 4 5 8 |  8.5
Axes           | 6 9 |  9.4
Invocations    | 6 8 9 |  9.7
Poison Magic   | 2 4 |  4.5
Spellcasting   | 2 3 4 |  4.6
Air Magic      | 2 4 |  4.1
Fire Magic     | 3 |  3.7
Dodging        | |  2.4
Stealth        | |  1.5

Action                   |  1- 3 |  4- 6 |  7- 9 | 10-12 || total
-------------------------+-------+-------+-------+-------++-------
Melee: Hand axe          |   111 |   209 |   312 |       ||   632
       War axe           |       |       |   242 |   190 ||   432
Throw: Javelin           |       |     5 |       |     3 ||     8
 Cast: Poisonous Vapours |       |       |       |    13 ||    13
       Ignite Poison     |       |       |       |     1 ||     1
Invok: Bend Time         |       |       |       |     3 ||     3
Evoke: Wand              |       |     2 |       |     3 ||     5
  Use: Scroll            |     3 |     4 |    11 |     7 ||    25
       Potion            |       |     5 |     7 |     4 ||    16
 Stab: Sleeping          |     8 |     3 |     3 |     2 ||    16
Armor: Leather armour    |    36 |    69 |   211 |   109 ||   425
       Skin              |       |    25 |       |     9 ||    34
Dodge: Dodged            |    67 |    89 |   297 |   147 ||   600
Block: Buckler           |    15 |    44 |   118 |    10 ||   187
       Kite shield       |       |       |       |   130 ||   130

Table legend: (Time is in decaauts)
 A = Elapsed time spent in this place.
 B = Non-inter-level travel time spent in this place.
 C = Inter-level travel time spent in this place.
 D = Time resting spent in this place.
 E = Time spent auto-exploring this place.
 F = Levels seen in this place.
 G = Mean time per level.
                   A        B        C        D        E       F      G
               +--------+--------+--------+--------+--------+-----+--------+
         Total |  12125 |  11759 |    366 |   2533 |   6560 |  11 | 1102.3 |
       Dungeon |  12125 |  11759 |    366 |   2533 |   6560 |  11 | 1102.3 |
               +--------+--------+--------+--------+--------+-----+--------+

Top non-repeatable levels by time:
    D:10: 1772 daAuts
     D:7: 1459 daAuts
     D:3: 1419 daAuts
     D:4: 1278 daAuts
     D:8: 1260 daAuts
     D:9: 1178 daAuts
     D:1: 1110 daAuts
     D:5: 963 daAuts
     D:6: 943 daAuts
     D:2: 614 daAuts
    D:11: 124 daAuts
